 Dungeon Crawl Stone Soup version 0.19.0-2-gae57169 (webtiles) character file.

112 Gingerlord the Cudgeler (level 4, 0/28 HPs)
             Began as a Gargoyle Gladiator on Nov 5, 2016.
             Shot with an arrow by a centaur (13 damage)
             ... on level 3 of the Dungeon.
             The game lasted 00:05:12 (1413 turns).

Gingerlord the Cudgeler (Gargoyle Gladiator)        Turns: 1413, Time: 00:05:13

Health: 0/28       AC: 13    Str: 18    XL:     4   Next: 95%
Magic:  4/4        EV:  8    Int:  9    God:
Gold:   114        SH:  2    Dex: 11    Spells: 0 memorised, 3 levels left

rFire  . . .     SeeInvis .     a - +1 flail
rCold  . . .     Gourm    .     i - +0 chain mail
rNeg   + . .     Faith    .     (no shield)
rPois  ∞         Spirit   .     c - +0 helmet
rElec  +         Reflect  +     (no cloak)
rCorr  .         Harm     .     (no gloves)
MR     +....                    (no boots)
Stlth  ..........               j - +2 amulet of reflection
                                (no ring)
                                p - ring of protection from magic

@: no status effects
A: negative energy resistance 1, regeneration 1, electricity resistance,
unbreathing, petrification resistance, rot immunity, AC +3
a: no special abilities


You were on level 3 of the Dungeon.
You were not hungry.

You visited 1 branch of the dungeon, and saw 3 of its levels.

You collected 114 gold pieces.

Inventory:

Hand Weapons
 a - a +1 flail (weapon)
Missiles
 d - 3 throwing nets (quivered)
Armour
 c - a +0 helmet (worn)
 i - a +0 chain mail (worn)
Jewellery
 j - a +2 amulet of reflection (around neck)
 p - a ring of protection from magic (left hand)
Scrolls
 b - a scroll of remove curse
 l - 2 scrolls of immolation
Potions
 e - a potion of brilliance {unknown}
 k - a potion of heal wounds {unknown}
 m - a potion of might {unknown}
 o - 2 potions of invisibility {unknown}
 s - 2 potions of ambrosia
 t - a potion of magic {unknown}
Comestibles
 f - 3 bread rations
 g - 2 fruits
 h - 5 meat rations
 u - 2 chunks of flesh


   Skills:
 + Level 3.0 Fighting
 + Level 3.8 Maces & Flails
 - Level 1.7 Throwing
 + Level 2.3 Armour
 + Level 3.0 Dodging


You had 3 spell levels left.
You didn't know any spells.

Dungeon Overview and Level Annotations

Branches:
Dungeon (3/15)

Altars:
Ashenzari
Makhleb
Nemelex Xobeh
Ru

Annotations:
D:3 Gingerlord's ghost, amateur GrGl


Innate Abilities, Weirdness & Mutations

You are resistant to torment.
Your stone body is resilient. (AC +3)
You are immune to poison.
You resist negative energy. (rN+)
You are resistant to electric shocks. (rElec)
You can survive without breathing.
You are immune to petrification.
You are immune to rotting.
Your natural rate of healing is unusually fast.


Message History

There is a stone staircase leading down here.
You climb downwards.
Level annotation: Gingerlord's ghost, amateur GrGl
Found a stone staircase leading down.
There is a stone staircase leading up here.
Found 25 stones.
A centaur comes into view.
The centaur shouts!
The centaur wields a shortbow.
The centaur shoots an arrow.
The arrow barely misses you.
You see here an arrow.
The centaur shoots an arrow.
The arrow hits you.
You see here an arrow.
The centaur shoots an arrow.
The arrow hits you.
The centaur shoots an arrow.
The arrow hits you.
You see here 2 arrows.
The centaur shoots an arrow.
The arrow hits you but does no damage.
You see here an arrow.
The centaur shoots an arrow.
The arrow hits you!
You die...

#.....# #.....# #.....# #.....#
#...c.### #.. #....(..###
##.>### #.....#.... .......
#..@....... ....... #.(..#.####
....... ##(#### ....... ###(.#
....... #.(.## .......####.###
........##..# ##.####†##.##
.....##.##.############+#######


You could see a centaur.

Vanquished Creatures
  3 adders (D:2)
  An ooze (D:2)
  3 worms (D:2)
  5 dart slugs
  2 leopard geckos
  3 bats
  4 giant cockroaches
  8 hobgoblins
  5 jackals (D:2)
  2 quokkas (D:2)
  6 frilled lizards
  4 goblins
  8 kobolds
  7 rats
61 creatures vanquished.

Notes
Turn   | Place    | Note
-------+----------+-------------------------------------------
     0 | D:1      | Gingerlord the Gargoyle Gladiator began the quest for the Orb.
     0 | D:1      | Reached XP level 1. HP: 12/12 MP: 1/1
   195 | D:1      | Reached XP level 2. HP: 17/17 MP: 2/2
   252 | D:1      | Reached skill level 1 in Armour
   649 | D:2      | Gained mutation: Your natural rate of healing is unusually fast. [potion of beneficial mutation]
   658 | D:2      | Reached XP level 3. HP: 22/22 MP: 3/3
   704 | D:2      | Found a burning altar of Makhleb.
   864 | D:2      | Reached XP level 4. HP: 27/27 MP: 4/4
   900 | D:2      | Found a sacrificial altar of Ru.
  1001 | D:2      | Found a shattered altar of Ashenzari.
  1182 | D:3      | Found a sparkling altar of Nemelex Xobeh.
  1185 | D:3      | Noticed Gingerlord's ghost (amateur GrGl)
  1409 | D:3      | Noticed a centaur
  1413 | D:3      | Shot with an arrow by a centaur

Skill      XL: |  1  2  3  4 |
---------------+-------------+-----
Armour         | 1 2 |  2.3
Dodging        | 3 |  3.0
Fighting       | 3 |  3.0
Maces & Flails | |  3.8
Throwing       | |  1.7

Action                   |  1- 3 |  4- 6 || total
-------------------------+-------+-------++-------
Melee: Flail             |   108 |    93 ||   201
  Use: Potion            |     4 |       ||     4
       Scroll            |       |     5 ||     5
  Eat: Chunk             |       |     2 ||     2
Armor: Leather armour    |    14 |       ||    14
       Chain mail        |    56 |    60 ||   116
       Skin              |    28 |       ||    28
Dodge: Dodged            |    80 |    48 ||   128
Block: Other             |     6 |     8 ||    14
